 Dungeon Crawl Stone Soup version 0.22-a0-109-gbeb7240 (webtiles) character file.

83 halftheisland the Sneak (level 4, 0/21 HPs)
             Began as a Spriggan Enchanter on Jan 26, 2018.
             Slain by Karim's ghost (1 damage)
             ... on level 3 of the Dungeon on Feb 12, 2018.
             The game lasted 00:08:29 (2134 turns).

halftheisland the Sneak (Spriggan Enchanter)        Turns: 2134, Time: 00:08:31

Health: 0/21       AC:  4    Str:  5    XL:     4   Next: 22%
Magic:  3/10       EV: 19    Int: 14    God:
Gold:   74         SH:  0    Dex: 16    Spells: 4/10 levels left

rFire    . . .     SeeInvis +   a - +1 dagger
rCold    . . .     Gourm    .   (shield restricted)
rNeg     . . .     Faith    .   b - +0 robe
rPois    .         Spirit   .   (helmet restricted)
rElec    .         Reflect  .   (no cloak)
rCorr    .         Harm     .   (gloves unavailable)
MR       .....                  (boots unavailable)
Stlth    +++.......             (no amulet)
HPRegen  0.07/turn              (no ring)
MPRegen  0.12/turn              (no ring)

@: very quick
A: very small, unfitting armour, iridescent scales 1, see invisible, dopey 1,
herbivore, speed 3, slow metabolism 2
a: no special abilities


You were on level 3 of the Dungeon.
You were hungry.

You visited 1 branch of the dungeon, and saw 3 of its levels.

You collected 74 gold pieces.

Inventory:

Hand Weapons
 a - a +1 dagger (weapon)
Missiles
 g - 14 poisoned needles
Armour
 b - a +0 robe (worn)
Jewellery
 e - an uncursed ring of see invisible {unknown}
Scrolls
 f - 4 scrolls of remove curse {unknown}
Potions
 h - a potion of lignification {unknown}
 i - 2 potions of might
Books
 c - a book of Maledictions

   Spells                             Type                      Level
   a - Corona                         Hexes                        1
   b - Ensorcelled Hibernation        Hexes/Ice                    2
   c - Confuse                        Hexes                        3
   d - Tukima's Dance                 Hexes                        3
   e - Dazzling Spray                 Conjuration/Hexes            3
Comestibles
 d - 6 rations


   Skills:
 + Level 0.2 Fighting
 + Level 1.2 Short Blades
 + Level 3.4 Dodging
 * Level 6.2 Stealth
 * Level 3.5 Spellcasting
 + Level 4.1 Hexes


You had 4 spell levels left.
You knew the following spells:

 Your Spells              Type           Power        Failure   Level  Hunger
a - Corona                Hex            ##.....      3%          1    None
b - Ensorcelled Hibernat  Hex/Ice        #.....       13%         2    ##.....
c - Confuse               Hex            ##......     11%         3    ###....


Dungeon Overview and Level Annotations

Branches:
Dungeon (3/15)

Altars:

Annotations:
D:3 Karim's ghost, amateur GnAE


Innate Abilities, Weirdness & Mutations

You are very small and have problems with some larger weapons.
You are too small for most types of armour.
You have supernaturally acute eyesight. (SInv)
You are a herbivore.
You cover ground extremely quickly.
You need consume almost no food.
You are partially covered in iridescent scales. (AC +2)
You are dopey. (Int -2)


Message History

Press: ? - help, Shift-Dir - straight line, f - orc
Aim: an orc, wielding a trident and wearing a runed ring mail
Okay, then.
f - 4 scrolls labeled GIADUIRPHAA (gained 1)
Found 24 sling bullets.
A leopard gecko comes into view.
A kobold comes into view. It is wielding a short sword.
The kobold shouts! x2; The leopard gecko hisses angrily.
You hear an angry hiss.
A frilled lizard comes into view.
Karim's ghost turns its malevolent gaze towards you.
You hear a shout!
The orc misses you. The dart slug launches a dart at you.
The slug dart misses you.
A goblin comes into view. It is wielding a dagger.
The kobold misses you. The orc hits you but does no damage.
Karim's ghost hits you.
* * * LOW HITPOINT WARNING * * *
Karim's ghost burns you.
You die...

...# #...# #..# ...w.# ...#
#...# ###'####....o# ...#
#...# #............# ...#
#..o# #..).........# ...#
#..o# #............# ...###
#...# #............#
.ol#..##...# #..o.........#
##.#..##...######......)####.#
##o#..#.........@...wK..#
##.#............WK.)....#
'.o#...o...................
#..#..................ll....
#.o##........................
#..##..........#######(.....#
#..##.#.$.....g# #.......
#...o.##+##....# .. #+#####
....


You could see Karim's ghost, a dart slug, an orc, a leopard gecko, a goblin, 2
kobolds and a frilled lizard.

Vanquished Creatures
  4 adders (D:2)
  2 worms (D:2)
  A dart slug (D:1)
  2 leopard geckos (D:1)
  3 bats
  3 giant cockroaches
  5 goblins
  6 hobgoblins
  A ball python (D:2)
  4 frilled lizards
  4 kobolds
  2 rats
37 creatures vanquished.

Notes
Turn   | Place    | Note
-------+----------+-------------------------------------------
     0 | D:1      | halftheisland the Spriggan Enchanter began the quest for the Orb.
     0 | D:1      | Reached XP level 1. HP: 9/9 MP: 5/5
   193 | D:1      | Reached skill level 5 in Stealth
   306 | D:1      | Reached XP level 2. HP: 13/13 MP: 6/6
   405 | D:1      | Learned a level 2 spell: Ensorcelled Hibernation
  1193 | D:2      | Reached XP level 3. HP: 16/16 MP: 5/8
  1565 | D:2      | Reached skill level 6 in Stealth
  1756 | D:2      | Gained mutation: You are dopey. (Int -2) [potion of mutation]
  1756 | D:2      | Gained mutation: Your muscles are strong. (Str +2) [potion of mutation]
  1756 | D:2      | Lost mutation: Your muscles are strong. (Str +2) [potion of mutation]
  1756 | D:2      | Gained mutation: You are partially covered in iridescent scales. (AC +2) [potion of mutation]
  1835 | D:2      | Reached XP level 4. HP: 21/21 MP: 10/10
  1942 | D:2      | Learned a level 3 spell: Confuse
  2120 | D:3      | Noticed Karim's ghost (amateur GnAE)
  2134 | D:3      | HP: 1/21 [Karim's ghost (6)]
  2134 | D:3      | Slain by Karim's ghost

Vault maps used:
D:1:      dpeg_cavernosity, bh_walls_and_bars
D:2:      grunt_decor_resistance
D:3:      lemuel_coloured_pillars_altar, first_ration

Skill      XL: |  1  2  3 |
---------------+----------+-----
Stealth        | 5 6 |  6.2
Spellcasting   | 3 |  3.5
Hexes          | 4 |  4.1
Fighting       | |  0.2
Short Blades   | |  1.2
Dodging        | |  3.4

Action                   |  1- 3 |  4- 6 || total
-------------------------+-------+-------++-------
Melee: Dagger            |    78 |    13 ||    91
 Cast: Corona            |     6 |       ||     6
       Ensorcelled Hiber |    16 |    11 ||    27
       Confuse           |       |     1 ||     1
  Use: Potion            |     5 |       ||     5
       Scroll            |     1 |     2 ||     3
 Stab: Sleeping          |    24 |     5 ||    29
       Distracted        |     1 |       ||     1
Armor: Robe              |     4 |     3 ||     7
Dodge: Dodged            |    52 |    16 ||    68

Table legend:
 A = Spawn XP
 B = Non-spawn XP
 C = Spawn XP percentage of total XP
 D = Spawn monster count
 E = Non-spawn monster count
 F = Spawn count percentage of total count
 G = Total turns spent on level
                    A         B        C        D         E        F      G
               +---------+---------+-------+---------+---------+-------+---------
         Total |       0 |     119 |   0.0 |       0 |      37 |   0.0 |  2134
               +---------+---------+-------+---------+---------+-------+---------
           D:1 |       0 |      28 |   0.0 |       0 |      14 |   0.0 |  1026
           D:2 |       0 |      89 |   0.0 |       0 |      22 |   0.0 |  1013
           D:3 |       0 |       2 |   0.0 |       0 |       1 |   0.0 |    95
               +---------+---------+-------+---------+---------+-------+---------
